 Dungeon Crawl Stone Soup version 0.27-a0-1119-gbf574a6a6b (webtiles) character file.

Game seed: 2418085152348548738

159 Zeld the Skirmisher (level 5, -2/37 HPs)
             Began as an Octopode Fighter on May 2, 2021.
             Slain by a gnoll
             ... wielding a +0 spear
              (6 damage)
             ... on level 4 of the Dungeon.
             The game lasted 00:01:14 (1064 turns).

Zeld the Skirmisher (Octopode Fighter)              Turns: 1064, Time: 00:01:14

Health: -2/37      AC:  1    Str: 16    XL:     5   Next: 40%
Magic:  5/5        EV: 11    Int: 11    God:
Gold:   24         SH:  9    Dex: 11    Spells: 4/4 levels left

rFire    . . .     SeeInvis .   a - +0 war axe
rCold    . . .     Faith    .   b - +0 kite shield
rNeg     . . .     Spirit   .   (helmet restricted)
rPois    .         Reflect  .   (no amulet)
rElec    .         Harm     .   (no ring)
rCorr    .         Rampage  .   (no ring)
Will     .....                  (no ring)
Stlth    ++........             (no ring)
HPRegen  0.12/turn              (no ring)
MPRegen  0.09/turn              (no ring)
                                (no ring)
                                (no ring)

@: no status effects
A: almost no armour, amphibious, 8 rings, camouflage 1, gelatinous body 1,
(nimble swimmer 1), tentacles
a: no special abilities


You were on level 4 of the Dungeon.
You visited 1 branch of the dungeon, and saw 4 of its levels.

You collected 24 gold pieces.

Inventory:

Hand Weapons
 a - a +0 war axe (weapon)
Armour
 b - a +0 kite shield (worn)
Scrolls
 d - a scroll of magic mapping {unknown}
Potions
 c - a potion of curing {unknown}


   Skills:
 * Level 4.2 Fighting
 * Level 3.4 Axes
 - Level 3.0 Dodging
 * Level 4.1 Shields


You had 4 spell levels left.
You didn't know any spells.
Your spell library was empty.

Dungeon Overview and Level Annotations

Branches:
Dungeon (4/15)
 Temple: D:4-7

Altars:


Innate Abilities, Weirdness & Mutations

You cannot wear most types of armour.
You are amphibious.
You can wear up to eight rings at the same time.
Your skin changes colour to match your surroundings (Stealth+).
Your rubbery body absorbs attacks. (AC +1, EV +1)
((You are camouflaged near water. (Stealth+)))
You have tentacles for arms and can constrict up to eight enemies at once.


Message History

You block the jackal's attack.
A jackal comes into view.
The jackal barks!
You hit the jackal but do no damage. You grab the jackal.
You constrict the jackal, but do no damage.
The jackal closely misses you. You block the jackal's attack.
The jackal bites you but does no damage.
Unknown command.
You hit the jackal but do no damage. You constrict the jackal.
You block the jackal's attack. The jackal closely misses you.
You slash the jackal!
You kill the jackal!
You block the jackal's attack.
You hit the jackal. Your grab misses the jackal.
The jackal is heavily wounded.
The jackal barely misses you. The jackal bites you.
You block the jackal's attack.
You completely miss the jackal. Your grab misses the jackal.
You squeeze the jackal.
You kill the jackal!
You see here a jackal corpse.
A gnoll comes into view. It is wielding a +0 spear.
A gnoll is nearby!
A gnoll is nearby!
The gnoll shouts!
You hear a shout! x2
A gnoll comes into view. It is wielding a +0 spear.
You block the gnoll's attack.
You closely miss the gnoll. You grab the gnoll. You constrict the gnoll.
A gnoll comes into view. It is wielding a +1 flail of draining.
The gnoll barely misses you.
You hit the gnoll. You squeeze the gnoll.
The gnoll is severely wounded.
You constrict the gnoll. You block the gnoll's attack.
The gnoll hits you from afar with a +0 spear!
The gnoll misses you.
The gnoll hits you from afar with a +0 spear!
* * * LOW HITPOINT WARNING * * *
You release your grip on the gnoll.
The gnoll hits you from afar with a +0 spear.
You die...

#..... ..# #.##.# ..##
#.##.# ...
#.##.########..#
##.##.##........
######..#...#.#####.#
......(.......#####.####
######...........†.)...#
# #.(......##@##.#..# #
#......#.##.# .# # #
#...####.##g# .#
######...####.##g# ..
................g. ##
.#######.......... .#
######.[.... .# #.#..
.## #. ..#


You could see 3 gnolls.

Vanquished Creatures
  A phantom (D:4)
  A centaur skeleton (D:2)
  2 adders
  A worm (D:3)
  An endoplasm (D:4)
  4 goblins (D:4)
  11 jackals
  A kobold (D:2)
  3 ball pythons (D:2)
  3 bats
  A rat (D:1)
29 creatures vanquished.

Notes
Turn   | Place    | Note
-------+----------+-------------------------------------------
     0 | D:1      | Zeld the Octopode Fighter began the quest for the Orb.
     0 | D:1      | Reached XP level 1. HP: 16/16 MP: 1/1
    34 | D:1      | Found a faded altar of an unknown god.
    62 | D:2      | Reached XP level 2. HP: 7/21 MP: 2/2
   331 | D:2      | Reached XP level 3. HP: 18/26 MP: 3/3
   362 | D:3      | Reached XP level 4. HP: 24/33 MP: 4/4
   380 | D:4      | Noticed a phantom
   396 | D:4      | HP: 1/33 [phantom (3)]
   398 | D:4      | Killed a phantom
   399 | D:4      | Reached XP level 5. HP: 1/37 MP: 5/5
  1064 | D:4      | Slain by a gnoll

Illustrated notes

Levels and vault maps discovered:
D:1:      minmay_arrival_loop, layout_basic,
          chequers_ecumenical_altar_simple_redux, minmay_bisected
D:2:      layout_rooms, serial_shops,
          nicolae_shop_temple_entry_statues_fountains,
          chequers_serial_rivers_large_b
D:3:      layout_rooms, minmay_misc_feat_chi, grunt_ministairs_14
D:4:      layout_loops_ring

Skill      XL: |  1  2  3  4 |
---------------+-------------+-----
Fighting       | 4 |  4.2
Axes           | 3 |  3.4
Shields        | 4 |  4.1
Dodging        | |  3.0

Action                   |  1- 3 |  4- 6 || total
-------------------------+-------+-------++-------
Melee: War axe           |    33 |    28 ||    61
       Constrict         |    10 |     7 ||    17
       Tentacles         |     6 |     7 ||    13
  Use: Potion            |       |     1 ||     1
Armor: Skin              |     5 |     3 ||     8
Dodge: Dodged            |    33 |    19 ||    52
Block: Kite shield       |    39 |    19 ||    58

Table legend: (Time is in decaauts)
 A = Elapsed time spent in this place.
 B = Non-inter-level travel time spent in this place.
 C = Inter-level travel time spent in this place.
 D = Time resting spent in this place.
 E = Time spent auto-exploring this place.
 F = Levels seen in this place.
 G = Mean time per level.
                   A        B        C        D        E       F      G
               +--------+--------+--------+--------+--------+-----+--------+
         Total |   1099 |   1088 |     11 |    450 |    402 |   4 |  274.8 |
       Dungeon |   1099 |   1088 |     11 |    450 |    402 |   4 |  274.8 |
               +--------+--------+--------+--------+--------+-----+--------+

Top non-repeatable levels by time:
     D:4: 700 daAuts
     D:2: 300 daAuts
     D:1: 63 daAuts
     D:3: 35 daAuts
